 Dungeon Crawl Stone Soup version 0.25-a0-578-gc91f01c39c (webtiles) character file.

Game seed: 4374127438766115568, levelgen mode: deterministic

227 Flugslaktarn the Chopper (level 5, -7/47 HPs)
             Began as a Minotaur Fighter on Mar 3, 2020.
             Mangled by an ogre
             ... wielding a +0 giant club
              (19 damage)
             ... on level 5 of the Dungeon.
             The game lasted 00:01:00 (2150 turns).

Flugslaktarn the Chopper (Minotaur Fighter)         Turns: 2150, Time: 00:01:01

Health: -7/47      AC:  7    Str: 22    XL:     5   Next: 70%
Magic:  4/4        EV:  7    Int:  5    God:
Gold:   199        SH:  9    Dex:  9    Spells: 4/4 levels left

rFire    . . .     SeeInvis .   a - +0 war axe
rCold    . . .     Gourm    .   c - +0 kite shield
rNeg     . . .     Faith    .   b - +0 scale mail
rPois    .         Spirit   .   (helmet restricted)
rElec    .         Reflect  .   (no cloak)
rCorr    .         Harm     .   (no gloves)
MR       .....                  (no boots)
Stlth    ..........             (no amulet)
HPRegen  0.15/turn              (no ring)
MPRegen  0.09/turn              (no ring)

@: no status effects
A: retaliatory headbutt, horns 2
a: no special abilities


You were on level 5 of the Dungeon.
You were not hungry.

You visited 1 branch of the dungeon, and saw 5 of its levels.

You collected 199 gold pieces.

Inventory:

Hand Weapons
 a - a +0 war axe (weapon)
Armour
 b - a +0 scale mail (worn)
 c - a +0 kite shield (worn)
Wands
 o - a wand of iceblast (8)
   (You found it on level 4 of the Dungeon)
Scrolls
 f - 5 scrolls of teleportation {unknown}
 g - 2 scrolls of enchant weapon {unknown}
 h - a scroll of amnesia {unknown}
 i - 2 scrolls of magic mapping {unknown}
 j - 2 scrolls of random uselessness {unknown}
 m - a scroll of identify {unknown}
 q - a scroll of fog {unknown}
 r - 2 scrolls of remove curse {unknown}
 s - 2 scrolls of enchant armour {unknown}
Potions
 d - a potion of might
 k - a potion of curing {unknown}
 n - a potion of flight {unknown}
 p - a potion of lignification {unknown}
Comestibles
 e - 6 rations


   Skills:
 + Level 4.7 Fighting
 * Level 4.9 Axes
 + Level 4.7 Armour
 + Level 4.7 Shields


You had 4 spell levels left.
You didn't know any spells.
Your spell library was empty.

Dungeon Overview and Level Annotations

Branches:
Dungeon (5/15)
 Temple: D:4-7

Altars:
Fedhas
Okawaru
Uskayaw
Wu Jian
Xom
The Shining One


Innate Abilities, Weirdness & Mutations

You reflexively headbutt those who attack you in melee.
You have a pair of horns on your head.


Message History

The ogre is heavily wounded.
A hound comes into view.
The ogre hits you with a +0 giant club!
* * * LOW HITPOINT WARNING * * *
The hound barks!
You are too injured to fight recklessly!
You are too injured to fight recklessly!
There are monsters nearby!
You are too injured to fight recklessly!
You barely miss the ogre.
The ogre is heavily wounded.
You block the ogre's attack.
You hit the ogre.
The ogre is severely wounded.
The ogre hits you with a +0 giant club.
* * * LOW HITPOINT WARNING * * *
Your shield prevents you from hitting the ogre.
The ogre is severely wounded.
The ogre hits you with a +0 giant club!!
You die...

# .###
####.....
#.OrZ....
########@#
#.......h#
#.######.#
#.# #.#
#.# #.#
#.######.#
.#
#......#.#
##.
######.#.#
## ...
#.#.. #.
..


You could see an ogre, a hound, a hound zombie and a quokka.

Vanquished Creatures
  An orc priest (D:3)
  2 orc wizards
  A worker ant (D:4)
  A hound skeleton (D:4)
  2 adders
  An ooze (D:3)
  4 worms
  4 leopard geckos
  6 orcs
  6 giant cockroaches
  4 goblins
  8 hobgoblins
  3 ball pythons
  7 bats
  3 frilled lizards (D:1)
  4 kobolds
  A quokka skeleton (D:4)
  7 rats
65 creatures vanquished.

Notes
Turn   | Place    | Note
-------+----------+-------------------------------------------
     0 | D:1      | Flugslaktarn the Minotaur Fighter began the quest for the
                  | Orb.
     0 | D:1      | Reached XP level 1. HP: 19/19 MP: 0/0
   274 | D:1      | Reached XP level 2. HP: 21/27 MP: 1/1
   456 | D:2      | Found an ornate altar of the Wu Jian Council.
   467 | D:2      | Found a blossoming altar of Fedhas.
   484 | D:2      | Reached XP level 3. HP: 31/33 MP: 2/2
   734 | D:2      | Found a hide-covered altar of Uskayaw.
   779 | D:2      | Found a shimmering altar of Xom.
   808 | D:2      | Found an iron altar of Okawaru.
  1017 | D:3      | Reached XP level 4. HP: 40/40 MP: 3/3
  1054 | D:3      | Found a glowing golden altar of the Shining One.
  1203 | D:3      | Reached XP level 5. HP: 37/47 MP: 4/4
  2102 | D:5      | Entered Level 5 of the Dungeon
  2142 | D:5      | Noticed an ogre
  2150 | D:5      | Mangled by an ogre

Levels and vault maps discovered:
D:1:      dpeg_arrival_ternary, layout_basic, minmay_domino_4
D:2:      layout_rooms, nicolae_overflow_quartered_altars, old_standard_altar,
          first_ration, minmay_misc_feat_tower
D:3:      layout_basic, tso_metal_star, gup_sewer_entry_bubbles,
          kennysheep_generic_room_9
D:4:      layout_layer_cave
D:5:      layout_loops_ring, biasface_ghost_orc_armoury, minmay_mini_ossuary,
          uniq_blork_the_orc, uniq_prince_ribbit1, uniq_edmund, uniq_duvessa,
          uniq_eustachio

Skill      XL: |  1  2  3  4 |
---------------+-------------+-----
Axes           | 3 4 |  4.9
Armour         | 4 |  4.7
Shields        | 4 |  4.7
Fighting       | 4 |  4.7

Action                   |  1- 3 |  4- 6 || total
-------------------------+-------+-------++-------
Melee: War axe           |    95 |    64 ||   159
       Headbutt          |    20 |    11 ||    31
  Eat: Chunk             |       |     4 ||     4
Armor: Scale mail        |    41 |    17 ||    58
Dodge: Dodged            |    26 |    19 ||    45
Block: Kite shield       |    52 |    29 ||    81

Table legend:
 A = Non-vault XP
 B = Vault XP
 C = Vault XP percentage of total XP
 D = Non-vault monster count
 E = Vault monster count
 F = Vault count percentage of total count
                 A         B        C        D         E       F
            +---------+---------+-------+---------+---------+-------
      Total |     303 |      22 |   6.8 |      58 |       7 |  10.8
            +---------+---------+-------+---------+---------+-------
        D:1 |      26 |       7 |  21.2 |      16 |       4 |  20.0
        D:2 |      50 |       0 |   0.0 |      16 |       0 |   0.0
        D:3 |     123 |      15 |  10.9 |      18 |       3 |  14.3
        D:4 |     104 |       0 |   0.0 |       8 |       0 |   0.0
            +---------+---------+-------+---------+---------+-------
